Map: The Vermillion Problem

Players

Yuriprime

  • Race: Protoss Protoss
  • Spawn Location: 11:00

TheOutsider

  • Race: Terran Terran
  • Spawn Location: 11:00

VOD

Have the link to the VOD?

Description

Time

  • Played on: July 28, 2017, 8:13 a.m.
  • Length: 22:51
Show
View Real Time Build Order
Export as new Build Order

Yuriprime Protoss 

Build Orders:  

Get SALT Encoding   

  12  0:03  Probe (Chrono Boost)  
  12  0:05  Dark Pylon  
  13  0:17  Probe (Chrono Boost)  
  14  0:23  Assimilator  
  14  0:30  Probe (Chrono Boost)  
  15  0:40  Assimilator  
  15  0:44  Probe (Chrono Boost)  
  16  0:59  Gateway  
  16  1:02  Probe (Chrono Boost)  
  17  1:19  Probe (Chrono Boost)  
  18  1:33  Probe (Chrono Boost)  
  18  1:36  Forge  
  19  1:46  Probe (Chrono Boost)  
  20  2:00  Probe (Chrono Boost)  
  20  2:09  Cybernetics Core  
  21  2:14  Probe (Chrono Boost)  
  22  2:22  Protoss Ground Weapons Level 1 (Chrono Boost)  
  22  2:26  Pylon  
  22  2:29  Probe (Chrono Boost)  
  23  2:51  Probe (Chrono Boost)  
  23  2:55  Gateway  
  24  3:02  Death Council  
  24  3:05  Probe (Chrono Boost)  
  25  3:19  Gateway  
  25  3:25  Gateway  
  25  3:28  Probe (Chrono Boost)  
  26  3:43  Probe (Chrono Boost)  
  27  3:56  Warp Gate (Chrono Boost), Dark Shrine  
  27  3:58  Pylon  
  27  4:14  Stalker  
  27  4:15  Stalker  
  31  4:55  Dark Pylon  
  31  5:01  Stalker x2  
  31  5:02  Stalker x2  
  39  5:35  Nexus  
  39  5:42  Assimilator  
  39  5:45  Assimilator  
  39  5:51  Shadow Fury (Chrono Boost)  
  39  6:18  Dark Templar  
  39  6:19  Dark Templar  
  43  6:31  Dark Templar  
  45  6:42  Dark Templar  
  47  7:11  Pylon  
  47  7:12  Probe  
  47  7:14  Pylon  
  47  7:18  Probe  
  49  7:26  Probe  
  50  7:35  Probe  
  51  7:40  Probe  
  51  7:41  Dark Templar  
  51  7:42  Dark Templar  
  51  7:49  Dark Templar Blink (Chrono Boost)  
  56  7:55  Protoss Ground Weapons Level 2  
  56  8:22  Dark Templar x2  
  56  8:42  Dark Templar  
  56  8:43  Dark Templar  
  60  8:58  Probe  
  60  9:01  Probe  
  62  9:10  Stalker  
  62  9:11  Stalker  
  62  9:12  Probe  
  62  9:18  Probe  
  68  9:25  Probe  
  68  9:29  Dark Templar  
  71  9:30  Dark Templar  
  71  9:35  Probe  
  74  9:44  Probe  
  75  9:57  Pylon  
  75  9:58  Probe  
  75  10:01  Pylon  
  75  10:05  Pylon  
  75  10:08  Gateway  
  76  10:12  Probe  
  76  10:13  Gateway  
  77  10:20  Gateway  
  77  10:23  Gateway  
  77  10:24  Dark Templar x2  
  77  10:29  Dark Templar, Protoss Ground Weapons Level 3 (Chrono Boost)  
  83  11:01  Dark Templar  
  85  11:14  Stalker x2  
  89  11:47  Dark Templar x3  
  89  11:48  Dark Templar x3  
  101  12:14  Blink (Chrono Boost)  
  101  12:29  Pylon  
  101  12:32  Pylon  
  101  12:35  Pylon  
  101  12:37  Pylon  
  101  12:40  Pylon  
  101  12:43  Dark Pylon  
  101  12:54  Dark Templar x2  
  101  12:55  Dark Templar x5  
  101  12:56  Dark Templar  
  117  13:16  Phase Reactor (Chrono Boost)  
  117  13:39  Probe  
  118  13:51  Dark Pylon  
  118  13:55  Probe  
  119  14:10  Dark Templar x4  
  119  14:11  Dark Templar x4  
  119  14:12  Probe  
  134  14:21  Protoss Shields Level 1  
  132  15:01  Dark Templar  
  132  15:02  Dark Templar x6  
  132  15:03  Dark Templar  
  148  15:11  Pylon  
  148  15:14  Pylon  
  148  15:18  Pylon  
  148  15:21  Pylon  
  148  15:25  Pylon  
  148  15:53  Dark Pylon  
  148  16:06  Stalker x4  
  148  16:07  Stalker x4  
  164  16:45  Gateway  
  164  16:49  Gateway  
  164  16:50  Gateway  
  164  16:54  Gateway  
  164  17:09  Probe  
  165  17:11  Protoss Shields Level 2  
  165  17:26  Probe  
  158  18:00  Dark Templar x2  
  158  18:01  Dark Templar x6  
  174  18:54  Dark Pylon  
  174  19:00  Stalker x5  
  174  19:01  Stalker x3  
  172  20:44  Stalker x4  
  172  20:45  Stalker x5  
  184  21:22  Dark Templar  
  184  21:23  Dark Templar x6  
  184  21:24  Dark Templar  
Show
View Real Time Build Order
Export as new Build Order

TheOutsider Terran 

Build Orders:  

Get SALT Encoding   

Tags
 
Add a new tag
Caveats
  • Supply blocks, unpowered buildings, or Contaminate may cause inaccurate times.
  • Supply counts are checked every 10 seconds.